 Dungeon Crawl Stone Soup version 0.30.1-11-g7821555f0a (webtiles) character file.

Game seed: 27644129197504401

20143 caec the Martial Artist (level 12, -14/98 HPs)
             Began as a White Draconian Transmuter on Jan 3, 2024.
             Was a High Priest of Hepliaklqana.
             Demolished by Snorg (22 damage)
             ... on level 3 of the Lair of Beasts.
             The game lasted 00:54:39 (13446 turns).

caec the Martial Artist (DrTm)                     Turns: 13446, Time: 00:54:39

Health: -14/98     AC: 12    Str: 22    XL:     12   Next: 42%
Magic:  24/24      EV: 12    Int: 14    God:    Hepliaklqana [*****.]
Gold:   1783       SH:  0    Dex: 15    Spells: 15/28 levels left

rFire   x .          .
                       - Unarmed
rCold   + + +        (shield currently unavailable)
rNeg    . . .        (body armour unavailable)
rPois   +            (helmet currently unavailable)
rElec   .            E - melded scarf of the Many Mouths {repulsion, rElec Will- Int+5 Stlth+}
rCorr   .            k - melded +0 pair of gloves
SInv    .            (boots currently unavailable)
Will    .....        n - amulet of faith
Stlth   +            y - +4 ring of protection
HPRegen 0.36/turn    A - +6 ring of strength
MPRegen 0.19/turn

%: clarity, faith
@: confused, ice-form, ambrosia-drunk
A: freezing attack, amphibious, boosted hp, reduced essence, (breathe frost), AC
+8, large, unfitting armour, (cold resistance 1), (cold-blooded), (stinger 1),
(talons 1), clarity, (poison resistance), screaming 1, strong 1
a: End Transformation, Renounce Religion, Recall Ancestor, Ancestor Identity,
Transference, Idealise


You were on level 3 of the Lair of Beasts.
You worshipped Hepliaklqana.
Hepliaklqana was extremely pleased with you.
You were a creature of crystalline ice.
You visited 3 branches of the dungeon, and saw 14 of its levels.
You also visited: Bailey.

You collected 1783 gold pieces.

Inventory:

Missiles
 g - 5 javelins (quivered)
Armour
 f - a +0 cloak
 k - a +0 pair of gloves (melded)
 E - the scarf of the Many Mouths (melded) {repulsion, rElec Will- Int+5 Stlth+}
   (You found it on level 7 of the Dungeon)

   Int:       It affects your intelligence (+5).
   rElec:     It insulates you from electricity.
   Will:      It decreases your willpower.
   Stlth:     It makes you more stealthy.
Jewellery
 j - an amulet of the acrobat
 n - an amulet of faith (around neck)
 y - a +4 ring of protection (left front paw)
 A - a +6 ring of strength (right front paw)
Wands
 J - a wand of flame (10)
Scrolls
 a - a scroll of amnesia {unknown}
 b - a scroll of acquirement {unknown}
 h - 2 scrolls of enchant armour
 p - 2 scrolls of poison
 r - 5 scrolls of teleportation
 w - 2 scrolls of silence
 x - 4 scrolls of fear
 B - 2 scrolls of enchant weapon {unknown}
 D - 3 scrolls of fog
 H - a scroll of blinking {unknown}
 K - a scroll of magic mapping {unknown}
Potions
 c - 2 potions of mutation
 d - a potion of haste
 i - a potion of might {unknown}
 l - 2 potions of invisibility {unknown}
 m - 7 potions of flight
 o - 2 potions of degeneration {unknown}
 q - a potion of attraction
 t - 2 potions of berserk rage {unknown}
 v - 2 potions of lignification
 z - 3 potions of curing {unknown}
 C - 3 potions of heal wounds
 F - 4 potions of brilliance {unknown}
 G - a potion of resistance {unknown}
 I - 4 potions of ambrosia


   Skills:
 + Level 4.5 Fighting
 - Level 1.0 Throwing
 + Level 6.0 Dodging
 + Level 5.2 Stealth
 + Level 13.4 Unarmed Combat
 + Level 8.6 Spellcasting
 + Level 8.9 Transmutations
 + Level 3.3 Ice Magic
 - Level 0.2 Poison Magic
 + Level 0.5 Invocations
 + Level 3.2 Evocations


You had 15 spell levels left.
You knew the following spells:

 Your Spells              Type           Power      Damage    Failure   Level
a - Beastly Appendage     Tmut           62%        N/A       1%          1
b - Wereblood             Tmut           31%        N/A       1%          2
c - Spider Form           Tmut/Pois      18%        N/A       5%          3
d - Ice Form              Ice/Tmut       23%        N/A       10%         4
e - Hailstorm             Conj/Ice       10%        3d5       19%         3

Your spell library contained the following spells:

 Spells                   Type           Power      Damage    Failure   Level
 Sting                    Tmut/Pois      72%        1d6       1%          1
 Passwall                 Tmut/Erth      15%        N/A       3%          2
 Ensorcelled Hibernation  Hex/Ice        20%        N/A       10%         2
 Ignite Poison            Fire/Tmut/Pois 14%        N/A       11%         3
 Shock                    Conj/Air       24%        1d4       12%         1
 Poisonous Vapours        Pois/Air       12%        N/A       17%         2
 Swiftness                Air            6%         N/A       36%         3
 Olgreb's Toxic Radiance  Pois           6%         N/A       73%         4
 Airstrike                Air            3%         2d(1-17)  77%         4
 Anguish                  Hex/Necr       3%         N/A       77%         4
 Cause Fear               Hex            3%         N/A       77%         4
 Sticky Flame             Conj/Fire      6%         2d3       77%         4
 Simulacrum               Ice/Necr       5%         N/A       100%        6
 Enfeeble                 Hex            3%         N/A       100%        7
 Ignition                 Fire           3%         3d4       100%        8


Dungeon Overview and Level Annotations

Branches:
Dungeon (10/15)            Temple (1/1) D:6            Lair (3/5) D:10
  Swamp (0/4) Lair:3        Snake (0/4) Lair:3          Orc (0/2) D:10
 Bailey (visited)

Altars:
Ashenzari
Dithmenos
Elyvilon
Gozag
Hepliaklqana
Kikubaaqudgha
Makhleb
Nemelex Xobeh
Qazlal
Ru
Sif Muna
Uskayaw
Wu Jian
Yredelemnul

Annotations:
D:9 2 transporters
Lair:2 1 runed translucent door, Didimus's ghost, journeyman NaIE
Lair:3 Rupert; Snorg


Innate Abilities, Weirdness & Mutations

You are a creature of crystalline ice.
You have a powerful freezing melee attack.
You are amphibious.
Your maximum health is increased.
Your armour is entirely melded.
You are incapable of wielding weapons or throwing items.
Your life essence is reduced to manifest your ancestor. (-10% HP)
((You can breathe waves of freezing cold which knock back foes.))
((Your icy white scales are hard. (AC +8)))
You cannot fit into any form of body armour.
((Your flesh is cold resistant. (rC+)))
((You are cold-blooded and may be slowed by cold attacks.))
((Your tail ends in a venomous barb.))
((You have sharp toenails.))
You possess an exceptional clarity of mind.
((Your system is resistant to poisons. (rPois)))
You occasionally shout uncontrollably at your foes.
Your muscles are strong. (Str +4, Int/Dex -1)


Message History

You pummel Snorg!! You freeze Snorg.
Snorg is severely wounded.
Snorg bites you but does no damage. Snorg closely misses you. Snorg claws you!
* * * LOW HITPOINT WARNING * * *
Snorg bites you.
* * * LOW HITPOINT WARNING * * *
Snorg misses you. Snorg claws you!
* * * LOW HITPOINT WARNING * * *
Okay, then.
Okay, then.
You are confused.
You feel invigorated.
You have got your breath back.
Snorg closely misses you. Snorg claws you!
* * * LOW HITPOINT WARNING * * *
Snorg claws you but does no damage.
Unknown command.
Snorg barely misses you. Snorg claws you but does no damage. x2
Snorg closely misses you. x2; Snorg claws you but does no damage.
You barely miss Snorg.
Snorg is severely wounded.
Snorg closely misses you. Snorg claws you!
* * * LOW HITPOINT WARNING * * *
Snorg barely misses you.
Unknown command.
You punch Snorg! You freeze Snorg.
Snorg is almost dead.
Snorg bites you.
* * * LOW HITPOINT WARNING * * *
Snorg claws you but does no damage. x2
Unknown command.
You closely miss Snorg.
Snorg is almost dead.
Snorg closely misses you. Snorg barely misses you. Snorg claws you!
* * * LOW HITPOINT WARNING * * *
Unknown command.
You punch Snorg! You freeze Snorg.
Snorg is almost dead.
Snorg bites you!!
You die...

#....# # # ....P#. ## # .......
.. ....### . .#.#..... .. #. #
..#.# #..... #.##### ...## #.##.#
#....## ....# #....# ######
#.#.... ....#
#....####Y..P#######...###
.#(#####...#...T............P.#.#
...# #.#........###..######....##
.#.###.#........##..######....###
..............................# #
#..PP........##..P.#.#.P#######
.............#...##.#####
#.......#.#####..####
.....####..# #..#


You could see Snorg (berserk).

Vanquished Creatures
  A boulder beetle (Lair:2)
  A two-headed ogre (D:9)
  6 elephants (Lair:2)
  A black mamba (Lair:1)
  2 cane toads (Lair:2)
  6 komodo dragons
  2 trolls (D:10)
  A polar bear (Lair:3)
  2 wyverns
  29 yaks
  2 acid dragons (D:10)
  4 water moccasins
  2 black bears (D:6)
  7 ice beasts
  12 orc warriors
  2 ogres
  3 wolves (D:10)
  3 centaurs
  2 phantoms
  Blork the orc (D:6)
  5 bullfrogs
  3 scorpions
  18 killer bees (D:10)
  4 howler monkeys
  2 electric eels (D:6)
  2 hounds
  4 orc priests
  2 jellies
  4 iguanas
  9 orc wizards
  6 hell rats (Lair:1)
  2 adders
  18 river rats (Lair:1)
  3 shadow imps
  An ufetubus (D:5)
  A worm (D:4)
  2 dart slugs
  25 orcs
  3 endoplasms
  2 giant cockroaches
  14 goblins
  8 hobgoblins
  7 jackals (D:4)
  5 quokkas
  9 ball pythons
  4 bats
  A frilled lizard (D:2)
  16 kobolds
  11 rats
280 creatures vanquished.

Vanquished Creatures (collateral kills)
  A cane toad (Lair:1)
  2 rime drakes
  A queen bee (D:10)
  A wraith (D:10)
  10 yaks
  A wyvern (Lair:2)
  2 water moccasins
  An orc warrior (D:10)
  An ice beast (D:10)
  A centaur (D:8)
  6 killer bees (D:10)
  An electric eel (Lair:2)
  A jelly (D:7)
  A river rat (Lair:1)
  7 orcs
  A quokka (Lair:1)
38 creatures vanquished.

Vanquished Creatures (others)
  A polar bear (D:10)
  A yak (D:10)
  An ice beast (D:10)
  2 killer bees (D:10)
  8 knights
  An ancestor (D:7)
14 creatures vanquished.

Grand Total: 332 creatures vanquished

Notes
Turn   | Place    | Note
-------+----------+-------------------------------------------
     0 | D:1      | caec the Draconian Transmuter began the quest for the Orb.
     0 | D:1      | Reached XP level 1. HP: 16/16 MP: 3/3
   275 | D:1      | Reached XP level 2. HP: 23/23 MP: 3/5
   278 | D:1      | Learned a level 2 spell: Wereblood
   722 | D:1      | Gained mutation: You are frail. (-10% HP) [potion of
                  | mutation]
   722 | D:1      | Gained mutation: You occasionally lose the ability to read
                  | scrolls when taking damage. [potion of mutation]
   722 | D:1      | Gained mutation: You occasionally shout uncontrollably at
                  | your foes. [potion of mutation]
   723 | D:1      | Lost mutation: You occasionally lose the ability to read
                  | scrolls when taking damage. [potion of mutation]
   723 | D:1      | Lost mutation: You are frail. (-10% HP) [potion of
                  | mutation]
   723 | D:1      | Gained mutation: You possess an exceptional clarity of
                  | mind. [potion of mutation]
   723 | D:1      | Gained mutation: Your spells are a little harder to cast,
                  | but a little more powerful. [potion of mutation]
   723 | D:1      | Gained mutation: You are robust. (+10% HP) [potion of
                  | mutation]
   765 | D:2      | Lost mutation: You are robust. (+10% HP) [potion of
                  | mutation]
   765 | D:2      | Lost mutation: Your spells are a little harder to cast, but
                  | a little more powerful. [potion of mutation]
   765 | D:2      | Gained mutation: Your system is resistant to poisons.
                  | (rPois) [potion of mutation]
   765 | D:2      | Gained mutation: You have sharp toenails. [potion of
                  | mutation]
   765 | D:2      | Gained mutation: You have hidden genetic potential. [potion
                  | of mutation]
  1079 | D:2      | Reached XP level 3. HP: 28/28 MP: 2/6
  1177 | D:2      | Found a faded altar of an unknown god.
  1645 | D:3      | Gained mutation: Your tail ends in a venomous barb. [hidden
                  | potential]
  2391 | D:4      | Reached XP level 4. HP: 30/35 MP: 2/7
  2545 | D:4      | Noticed a phantom
  2558 | D:4      | Killed a phantom
  2559 | D:4      | Reached XP level 5. HP: 40/40 MP: 5/9
  2567 | D:4      | Gained mutation: Your muscles are strong. (Str +4, Int/Dex
                  | -1) [hidden potential]
  2567 | D:4      | Lost mutation: You have hidden genetic potential. [hidden
                  | potential expressed]
  2678 | D:4      | Reached skill level 4 in Unarmed Combat
  2694 | D:4      | Reached XP level 6. HP: 32/48 MP: 11/11
  3464 | D:5      | Entered Level 5 of the Dungeon
  3644 | D:5      | Learned a level 3 spell: Spider Form
  3732 | D:5      | Reached skill level 1 in Stealth
  3732 | D:5      | Your scales start taking on an icy white colour.
  3732 | D:5      | Reached XP level 7. HP: 45/55 MP: 13/13
  3732 | D:5      | Gained mutation: Your flesh is cold resistant. (rC+) [White
                  | Draconian growth]
  3830 | D:5      | Found a shadowy altar of Dithmenos.
  3899 | D:5      | Reached skill level 5 in Unarmed Combat
  3948 | D:5      | Identified the +2 sling "Gugat" {flame, Dex+2}
  4535 | D:6      | Found a staircase to the Ecumenical Temple.
  4548 | Temple   | Entered the Ecumenical Temple
  4563 | Temple   | Became a worshipper of Hepliaklqana the Forgotten
  4664 | D:6      | Found a sparkling altar of Nemelex Xobeh.
  4849 | D:6      | Reached skill level 5 in Spellcasting
  4933 | D:6      | Noticed Blork the orc
  4943 | D:6      | Killed Blork the orc
  4944 | D:6      | Reached XP level 8. HP: 35/62 MP: 11/15
  5470 | D:7      | Found a flagged portal.
  5486 | Bailey   | Entered a bailey
  5672 | Bailey   | Reached skill level 6 in Unarmed Combat
  5672 | Bailey   | Reached skill level 5 in Transmutations
  5741 | Bailey   | Reached skill level 1 in Evocations
  5760 | Bailey   | Reached skill level 1 in Throwing
  6287 | D:7      | Reached * piety under Hepliaklqana
  6301 | D:7      | Reached skill level 7 in Unarmed Combat
  6301 | D:7      | Reached XP level 9. HP: 37/61 MP: 12/18
  6391 | D:7      | Identified the scarf of the Many Mouths {repulsion, rElec
                  | Will- Int+5 Stlth+}
  7213 | D:8      | Reached ** piety under Hepliaklqana
  7214 | D:8      | Remembered your ancestor Tertia as a knight
  7341 | D:8      | Reached skill level 8 in Unarmed Combat
  7390 | D:8      | Found a white marble altar of Elyvilon.
  7798 | D:9      | Reached *** piety under Hepliaklqana
  7828 | D:9      | Found a sacrificial altar of Ru.
  7992 | D:9      | Found a transporter.
  8000 | D:9      | Found a transporter.
  8009 | D:9      | Noticed a deep elf pyromancer
  8013 | D:9      | Found a burning altar of Makhleb.
  8013 | D:9      | Found a broken altar of Ashenzari.
  8013 | D:9      | Found an opulent altar of Gozag.
  8047 | D:9      | Noticed a two-headed ogre
  8053 | D:9      | Killed a two-headed ogre
  8172 | D:10     | Entered Level 10 of the Dungeon
  8196 | D:10     | Reached skill level 9 in Unarmed Combat
  8196 | D:10     | Reached XP level 10. HP: 49/66 MP: 17/20
  8429 | D:10     | Noticed a white ugly thing
  8429 | D:10     | Noticed a tengu warrior
  8429 | D:10     | Noticed a centaur warrior
  8429 | D:10     | Noticed a tengu warrior
  8435 | D:10     | Noticed a cyclops
  8435 | D:10     | Noticed a tengu warrior
  8435 | D:10     | Noticed a cyan ugly thing
  8436 | D:10     | Noticed a boulder beetle
  8650 | D:10     | Reached skill level 10 in Unarmed Combat
  8939 | D:10     | Found a staircase to the Lair.
  9226 | D:10     | Noticed a cyclops
  9485 | D:10     | Noticed a goliath frog
  9526 | D:10     | Learned a level 4 spell: Ice Form
  9537 | D:10     | Noticed an orb spider
  9635 | D:10     | Reached XP level 11. HP: 73/73 MP: 22/22
  9693 | D:10     | Reached skill level 5 in Dodging
  9698 | D:10     | Reached skill level 11 in Unarmed Combat
  9985 | D:10     | Found a staircase to the Orcish Mines.
 10062 | D:10     | Noticed an entropy weaver
 10094 | Lair:1   | Entered Level 1 of the Lair of Beasts
 10297 | Lair:1   | Reached **** piety under Hepliaklqana
 10322 | Lair:1   | Reached skill level 12 in Unarmed Combat
 10910 | Lair:1   | Reached skill level 1 in Ice Magic
 11778 | Lair:2   | Reached XP level 12. HP: 81/81 MP: 18/24
 11856 | Lair:2   | Reached ***** piety under Hepliaklqana
 11911 | Lair:2   | Found a runed translucent door.
 11915 | Lair:2   | Noticed Didimus's ghost (journeyman NaIE)
 12149 | Lair:2   | Reached skill level 5 in Stealth
 12168 | Lair:2   | Reached skill level 13 in Unarmed Combat
 12344 | Lair:2   | Noticed a boulder beetle
 12493 | Lair:2   | Killed a boulder beetle
 12545 | Lair:2   | Identified the +3 long sword of Lies {freeze, Str+2}
 13111 | Lair:3   | Found an ornate altar of the Wu Jian Council.
 13111 | Lair:3   | Noticed a boulder beetle
 13128 | Lair:3   | Found a staircase to the Swamp.
 13209 | Lair:3   | Learned a level 3 spell: Hailstorm
 13228 | Lair:3   | Noticed Rupert
 13239 | Lair:3   | Paralysed by Rupert for 4 turns
 13244 | Lair:3   | Noticed Snorg
 13324 | Lair:3   | Found a staircase to the Snake Pit.
 13446 | Lair:3   | Demolished by Snorg

Illustrated notes

Levels and vault maps discovered:
D:1:      dpeg_arrival_arbitrary_b, layout_basic
D:2:      layout_loops_corners, hellmonk_ecumenical_altar_heavens_door
D:3:      layout_basic
D:4:      layout_basic, minmay_a_box_with_orc_wizards_in_it
D:5:      nicolae_BIG_FREAKIN_CUBE, layout_rooms, marbit_many_paths
D:6:      wad_lake_hut, layout_loops_corners, mainiacjoe_overflow_brackets,
          minmay_temple_entry_glassed_door, uniq_blork_the_orc
D:7:      layout_loops_ring, enter_bailey_5
D:8:      layout_cave_pools, elyvilon_altar_4
D:9:      layout_irregular_city, gammafunk_temple_overflow_arena,
          hangedman_ru_absence
D:10:     layout_roguey [special_room_bee], hellmonk_lair_entry_icy,
          david_orc_5, minivault_12
Temple:   regret_index_temple_waves
Lair:1:   lemuel_ratsnest, layout_small_grid
Lair:2:   layout_regular_city, hellmonk_ghost_happy_afterlife, minivault_11,
          chequers_serial_rivers_large_a, infiniplex_staircase_pool
Lair:3:   layout_loops_ring, minmay_swamp_entry_worms, dummy_snake_entry,
          nzn_masters_of_martial_movement, uniq_rupert, uniq_snorg

Skill      XL: |  1  2  3  4  5  6  7  8  9 10 11 12 |
---------------+-------------------------------------+-----
Transmutations | 3 4 5 6 7 8 |  8.9
Dodging        | 2 3 4 5 6 |  6.0
Spellcasting   | 3 4 5 6 7 8 |  8.6
Fighting       | 2 3 4 |  4.5
Unarmed Combat | 4 5 7 9 10 12 13 | 13.4
Stealth        | 1 2 3 4 5 |  5.2
Evocations     | 1 2 3 |  3.2
Throwing       | 1 |  1.0
Ice Magic      | 2 3 |  3.3
Poison Magic   | |  0.2
Invocations    | |  0.5

Action                     |  1- 3 |  4- 6 |  7- 9 | 10-12 || total
---------------------------+-------+-------+-------+-------++-------
  Melee: Unarmed           |   113 |   119 |   173 |   310 ||   715
         Kick              |    27 |    27 |    21 |    28 ||   103
         Tailslap          |    11 |     9 |     6 |    13 ||    39
         Headbutt          |     7 |    13 |    11 |     8 ||    39
         Punch             |     2 |     3 |     7 |     3 ||    15
  Throw: Javelin           |       |       |    14 |    15 ||    29
   Cast: Beastly Appendage |    26 |    18 |    14 |     2 ||    60
         Wereblood         |     7 |     8 |     7 |    18 ||    40
         Spider Form       |       |       |    16 |    11 ||    27
         Ice Form          |       |       |       |    16 ||    16
         Hailstorm         |       |       |       |     1 ||     1
 Invoke: Ancestor Life: Kn |       |       |     1 |       ||     1
         Recall Ancestor   |       |       |       |     2 ||     2
         Idealise          |       |       |       |     1 ||     1
         Transference      |       |       |       |     1 ||     1
Ability: Breathe Frost     |       |       |    17 |    18 ||    35
         End Transformatio |       |       |       |     1 ||     1
  Evoke: Wand              |       |     1 |     6 |    33 ||    40
    Use: Scroll            |     6 |     1 |     5 |     3 ||    15
         Potion            |     3 |     2 |       |     2 ||     7
   Stab: Sleeping          |     3 |       |     3 |     2 ||     8
         Betrayed ally     |       |     1 |       |       ||     1
         Distracted        |       |       |       |     3 ||     3
 Armour: Skin              |    47 |    36 |    36 |    95 ||   214
  Dodge: Dodged            |    94 |    44 |   137 |   231 ||   506
